 Dungeon Crawl Stone Soup version 0.20.0-9-g8272e65 (webtiles) character file.

289672 RKaid the Sorcerer (level 20, -4/128 HPs)
             Began as a Deep Elf Conjurer on June 1, 2017.
             Was the Champion of Vehumet.
             Killed from afar by an eidolon (35 damage)
             ... with a bolt of negative energy
             ... on level 3 of the Vaults on June 3, 2017.
             The game lasted 05:48:28 (66666 turns).

RKaid the Sorcerer (Deep Elf Conjurer)             Turns: 66666, Time: 05:48:29

Health: -4/128     AC: 18    Str:  5    XL:     20   Next: 26%
Magic:  6/47       EV: 21    Int: 34    God:    Vehumet [******]
Gold:   455        SH:  7    Dex: 22    Spells: 7/61 levels left

rFire    + + +     SeeInvis .   a - +8 mace "Qeorhe Suts" {protect, rElec rF++ Dex+6}
rCold    + . .     Gourm    .   r - +0 buckler
rNeg     . . .     Faith    .   F - +4 troll leather armour {regen}
rPois    +         Spirit   .   m - +0 helmet of the True Pharaoh {rF+ rC+}
rElec    +         Reflect  +   y - +2 cloak {rPois}
rCorr    .         Harm     .   z - +2 pair of gloves {archery}
MR       +++..                  Y - +2 pair of boots
Stlth    ++++......             P - +2 amulet of reflection
Regen    0.8/turn               q - ring of protection from magic {MR+}
MPRegen  0.3/turn               O - +5 ring of intelligence

@: heavily drained
A: no striking features
}: 1/15 runes: serpentine
a: Renounce Religion


You were on level 3 of the Vaults.
You worshipped Vehumet.
Vehumet was exalted by your worship.
You were not hungry.

You visited 7 branches of the dungeon, and saw 35 of its levels.
You visited the Abyss 1 time.
You also visited: Volcano.

You collected 3513 gold pieces.
You spent 3058 gold pieces at shops.

Inventory:

Hand Weapons
 a - the +8 mace "Qeorhe Suts" (weapon) {protect, rElec rF++ Dex+6}
   (You found it on level 5 of the Dungeon)

   It protects the one who uses it against injury (+AC on strike).
   It affects your dexterity (+6).
   It greatly protects you from fire.
   It insulates you from electricity.
 b - a +1 lajatang of electrocution
   (You took it off Agnes on level 3 of the Snake Pit)
 d - a +5 demon blade
   (You subdued it on level 13 of the Dungeon)
 t - a +3 eveningstar of protection
   (You took it off Louise on level 12 of the Dungeon)
 X - the +8 quarterstaff of the Scorpion {venom, MR+}
   (You bought it in a shop on level 2 of the Orcish Mines)

   It poisons the flesh of those it strikes.
   It affects your resistance to hostile enchantments.
Missiles
 U - 5 throwing nets {=f}
Armour
 m - the +0 helmet of the True Pharaoh (worn) {rF+ rC+}
   (You bought it in a shop on level 2 of the Orcish Mines)

   It protects you from fire.
   It protects you from cold.
 r - a +0 buckler (worn)
   (You took it off an orc on level 8 of the Dungeon)
 s - the +3 robe of Folly {Archmagi, MR-- Int+5}
   (You found it on level 2 of the Vaults)

   It affects your intelligence (+5).
   It affects your resistance to hostile enchantments.
 y - a +2 cloak of poison resistance (worn)
   (You bought it in a shop on level 4 of the Snake Pit)
 z - a +2 pair of gloves of archery (worn)
   (You bought it in a shop on level 4 of the Snake Pit)
 F - a +4 troll leather armour (worn) {regen}
   (You found it on level 12 of the Dungeon)
 Y - a +2 pair of boots (worn)
   (You found it on level 6 of the Lair of Beasts)
Jewellery
 q - a ring of protection from magic (left hand) {MR+}
   (You found it on level 3 of the Snake Pit)
 x - the ring "Xypnah" {rF+ rC+ Int+3}
   (You found it on level 9 of the Dungeon)

   [ring of protection from fire]

   It affects your intelligence (+3).
   It protects you from fire.
   It protects you from cold.
 B - an uncursed ring of resist corrosion
   (You took it off a wight on level 7 of the Dungeon)
 O - a +5 ring of intelligence (right hand)
   (You found it on level 6 of the Lair of Beasts)
 P - a +2 amulet of reflection (around neck)
   (You found it on level 6 of the Lair of Beasts)
 R - an uncursed ring of magical power {MP+9}
   (You found it on level 9 of the Dungeon)
 Z - the ring "Giewyah Ocid" {rPois rC+ rN+ Int+2}
   (You took it off an orc warrior on level 3 of the Vaults)

   [ring of poison resistance]

   It affects your intelligence (+2).
   It protects you from cold.
   It protects you from poison.
   It protects you from negative energy.
Wands
 A - a wand of acid (8/15)
   (You found it on level 2 of the Lair of Beasts)
 D - a wand of digging (5/24)
   (You found it on level 5 of the Lair of Beasts)
 H - a wand of iceblast (6/15)
   (You found it on level 4 of the Dungeon)
Scrolls
 f - 2 scrolls of blinking {!r}
 i - 3 scrolls of identify
 l - 6 scrolls of magic mapping {!r}
 n - a scroll of summoning
 o - 15 scrolls of remove curse
 C - 7 scrolls of immolation {!r}
 G - a scroll of fear
 N - 2 scrolls of fog
 Q - 3 scrolls of teleportation
 S - a scroll of enchant weapon
 V - a scroll of silence
Potions
 h - 2 potions of brilliance
 j - 4 potions of curing
 k - 3 potions of haste
 p - 2 potions of magic
 u - 4 potions of lignification {!q}
 v - 3 potions of flight
 w - 2 potions of berserk rage {!q}
 E - 3 potions of agility
 I - a potion of invisibility
 L - a potion of heal wounds
 M - 9 potions of resistance
Miscellaneous
 e - a sack of spiders
 g - a phial of floods
   (You found it on level 14 of the Dungeon)
 J - a lamp of fire
   (You found it on level 13 of the Dungeon)
 K - a lightning rod (4/4)
   (You found it on level 2 of the Vaults)
Comestibles
 c - 23 bread rations
 T - 9 chunks of flesh
 W - a royal jelly


   Skills:
 + Level 14.4(10.9) Fighting
 - Level 3.3(1.9) Maces & Flails
 - Level 6.5(4.2) Staves
 - Level 5.5(2.7) Armour
 - Level 16.0(12.3) Dodging
 - Level 11.0(7.7) Stealth
 - Level 4.0(1.3) Shields
 - Level 21.0(16.9) Spellcasting
 * Level 14.7(11.1) Conjurations
 - Level 4.0(1.3) Charms
 - Level 4.0(1.3) Necromancy
 - Level 3.0(0.4) Translocations
 + Level 16.5(12.8) Fire Magic
 - Level 4.0(1.3) Poison Magic


You had 7 spell levels left.
You knew the following spells:

 Your Spells              Type           Power        Failure   Level  Hunger
a - Magic Dart            Conj           ####         1%          1    None
b - Bolt of Fire          Conj/Fire      #######...   1%          6    None
c - Sticky Flame          Conj/Fire      #######.     1%          4    None
d - Fireball              Conj/Fire      #######...   1%          5    None
e - Force Lance           Conj/Tloc      ######..     1%          4    None
f - Olgreb's Toxic Radia  Pois           #####...     4%          4    None
g - Mephitic Cloud        Conj/Pois/Air  ######..     1%          3    None
h - Orb of Destruction    Conj           #######...   7%          7    ####...
i - Iskenderun's Mystic   Conj           #######.     1%          4    None
j - Ignition              Fire           #######...   24%         8    #####..
A - Animate Skeleton      Necr           N/A          1%          1    None
B - Blink                 Tloc           N/A          3%          2    None
C - Regeneration          Chrm/Necr      #####.....   4%          3    None
D - Apportation           Tloc           ####..       2%          1    None
E - Summon Butterflies    Summ           ####....     3%          1    None


Dungeon Overview and Level Annotations

Branches:
Dungeon (15/15)            Temple (1/1) D:7            Lair (6/6) D:10
 Shoals (4/4) Lair:3        Snake (4/4) Lair:4        Slime (0/5) Lair:6
    Orc (2/2) D:10            Elf (0/3) Orc:2        Vaults (3/5) D:14
 Depths (0/5) D:15
  Crypt: Vaults:2-3

Altars:
Ashenzari
Cheibriados
Dithmenos
Elyvilon
Fedhas
Gozag
Hepliaklqana
Kikubaaqudgha
Makhleb
Nemelex Xobeh
Okawaru
Qazlal
Ru
Sif Muna
Trog
Uskayaw
Vehumet
Xom
Yredelemnul
Zin
The Shining One
Beogh
Jiyva

Shops:
D:4 ?   D:5 }=   Orc:2 [[%((   Shoals:4 (   Snake:4 (!(*[   Vaults:1 ?*

Annotations:
D:5 1 runed door
Shoals:3 exclusion: downstairs
Shoals:4 exclusion: 4 krakens
Orc:2 Chiseanne's ghost, journeyman DsWn


Message History

Your vault warden skeleton blocks the freezing wraith's attack.
Casting: Bolt of Fire
Confirm with . or Enter, or press ? or * to list all spells.
Aiming: Bolt of Fire
Press: ? - help, Shift-Dir - straight line, f - freezing wraith, p - freezing wraith
Aim: a freezing wraith (lightly damaged)
The bolt of fire hits the freezing wraith.
The freezing wraith is burned terribly!
You destroy the freezing wraith!
Vehumet accepts your kill.
You feel your power returning.
The bolt of fire hits the freezing wraith.
The freezing wraith is burned terribly!
You destroy the freezing wraith!
Vehumet accepts your kill.
You feel your power returning. You block the vault guard's attack.
A vault sentinel comes into view. It is wielding an enchanted long sword.
Casting: Bolt of Fire
Confirm with . or Enter, or press ? or * to list all spells.
Aiming: Bolt of Fire
Press: ? - help, Shift-Dir - straight line, f - vault sentinel
Aim: a vault sentinel, wielding an enchanted long sword and wearing a ring mail The bolt of fire hits the vault guard.
You kill the vault guard!
Vehumet accepts your kill.
You feel your power returning.
The bolt of fire hits the vault sentinel.
You kill the vault sentinel!
Vehumet accepts your kill.
You feel your power returning.
A vault guard comes into view. It is wielding a vampiric battleaxe.
Casting: Bolt of Fire
Confirm with . or Enter, or press ? or * to list all spells.
Aiming: Bolt of Fire
Press: ? - help, Shift-Dir - straight line, f - vault guard
Aim: a vault guard, wielding a vampiric battleaxe and wearing a chain mail (hasn't noticed you)
The bolt of fire misses the vault guard.
The vault guard shouts!
The eidolon stares piercingly at you. The bolt of negative energy hits you!
You feel drained.
Your vault warden skeleton hits the eidolon but does no damage.
Your vault warden skeleton blocks the eidolon's attack. x2
The eidolon gestures.
The eidolon radiates an aura of fear!
You resist with almost no effort.
Your vault warden skeleton hits the eidolon but does no damage.
Your vault warden skeleton hits the vault guard but does no damage.
Casting: Bolt of Fire
Confirm with . or Enter, or press ? or * to list all spells.
Aiming: Sticky Flame
Press: ? - help, Shift-Dir - straight line, f - eidolon, p - vault guard
Aim: an eidolon
Okay, then.
You hit the eidolon but do no damage.
Your weapon exudes an aura of protection.
You are no longer corroded.
The eidolon gestures.
The eidolon radiates an aura of fear!
You resist with almost no effort.
The vault guard hits your vault warden skeleton with a vampiric battleaxe!
A vault warden comes into view. It is wielding an enchanted dire flail.
Casting: Sticky Flame
Confirm with . or Enter, or press ? or * to list all spells.
Aiming: Sticky Flame
Press: ? - help, Shift-Dir - straight line, f - eidolon, p - vault guard
Aim: an eidolon The sticky flame hits the eidolon.
Your vault warden skeleton hits the eidolon but does no damage.
Your vault warden skeleton hits the vault guard with a war axe.
You block the eidolon's attack.
The eidolon hits you but does no damage.
Your vault warden skeleton hits the eidolon with a war axe.
Your vault warden skeleton hits the vault warden but does no damage.
Casting: Sticky Flame
Confirm with . or Enter, or press ? or * to list all spells.
Aiming: Bolt of Fire
Press: ? - help, Shift-Dir - straight line, p - eidolon The bolt of fire hits the eidolon.
The bolt of fire misses the vault warden.
The bolt of fire misses the vault guard.
The eidolon stares piercingly at you. The bolt of negative energy hits you!
You feel drained.
Your vault warden skeleton blocks the vault warden's attack.
Casting: Bolt of Fire
Confirm with . or Enter, or press ? or * to list all spells.
You don't have enough magic to cast that spell.
The eidolon gestures.
The eidolon radiates an aura of fear!
You resist with some effort.
Your vault warden skeleton completely misses the eidolon.
Your vault warden skeleton hits the vault warden with a war axe.
Your vault warden skeleton hits the vault guard but does no damage.
The vault warden hits your vault warden skeleton with an enchanted dire flail!
Your vault warden skeleton hits the vault guard but does no damage.
Your vault warden skeleton hits the vault warden but does no damage.
The vault warden hits your vault warden skeleton with an enchanted dire flail!!
Your vault warden skeleton blocks the vault warden's attack.
The eidolon stares piercingly at you. The bolt of negative energy hits you!
You feel drained.
* * * LOW HITPOINT WARNING * * *
The eidolon stares piercingly at you. The bolt of negative energy hits you!
You feel drained.
You die...

#....).....######################
#.....=....# #..........#
#..........# #..........#
#..).......# '..........#
######.....######################
. ...#..........@...W............
.... ...........p............
#.... '######.................
.....# #........Z........ ..#..#
#.###+##+##....... ..##.+ #.#
#....... ..#..# #.# #.......
.....# #.# #...#### #....# #Z..#
##


You could see a vault guard and an eidolon.

Vanquished Creatures
  The ghost of Chiseanne the Hoplite, an adept MiFi of Makhleb (Vaults:3)
  The ghost of kaze the Fencer, an adept DsBe of Trog (Vaults:2)
  Agnes (Snake:3)
  9 nagarajas
  Donald (Shoals:2)
  A frost giant (Vaults:3)
  A deep elf sorcerer (Vaults:2)
  Louise (D:12)
  An orc warlord (Orc:2)
  4 vault wardens
  Aizul (Snake:1)
  8 ironheart preservers
  The ghost of dricus the Bludgeoner, a journeyman GrGl of Okawaru (D:14)
  3 entropy weavers
  2 stone giants
  3 deep elf demonologists
  A dire elephant (Lair:6)
  A spark wasp (shapeshifter) (Vaults:1)
  A deep elf annihilator (Vaults:1)
  A merfolk javelineer (Shoals:3)
  A deep elf death mage (Vaults:1)
  3 fire dragons
  A crystal guardian (Vaults:2)
  3 merfolk impalers (Shoals:2)
  7 yaktaur captains
  2 great orbs of eyes
  4 vault guards
  A hydra (shapeshifter) (D:14)
  An ice dragon (Vaults:2)
  Harold (D:13)
  4 rakshasas
  10 naga warriors
  9 hydras
  3 death knights
  An anaconda (shapeshifter) (Vaults:1)
  2 merfolk aquamancers
  11 two-headed ogres
  6 ogre magi
  A deep troll shaman (Vaults:1)
  A dancing weapon (D:13)
  5 anacondas
  6 death yaks (Lair:6)
  2 deep troll earth magi
  A centaur warrior (Volcano)
  A satyr (Shoals:3)
  14 naga sharpshooters
  An orc high priest (Orc:2)
  Urug (D:13)
  9 shock serpents
  Nergalle (Lair:1)
  5 deep elf knights
  A skeletal warrior (D:14)
  17 sea snakes
  A sea snake (shapeshifter) (Vaults:1)
  2 deep trolls (Vaults:1)
  A death drake (shapeshifter) (Vaults:2)
  4 unseen horrors
  An unseen horror (shapeshifter) (D:15)
  9 naga ritualists
  A wizard (Vaults:1)
  A glowing orange brain (Vaults:2)
  An obsidian statue (Vaults:2)
  Pikel (D:6)
  A phantasmal warrior (D:13)
  A wolf spider zombie (D:15)
  6 deep elf archers
  10 ironbrand convokers
  7 mana vipers
  2 necromancers
  15 harpies
  16 orc knights
  14 deep elf magi
  A tengu skeleton (Vaults:3)
  26 fauns
  19 ugly things
  7 salamanders
  13 manticores
  8 orc sorcerers
  2 wolf spiders
  15 cyclopes
  16 elephants
  6 water nymphs
  10 merfolk sirens
  27 black mambas
  3 guardian serpents
  21 naga magi
  7 vault sentinels
  3 centaur zombies
  A spiny frog (shapeshifter) (Vaults:2)
  15 spiny frogs
  A gargoyle (D:10)
  A yaktaur zombie (Vaults:1)
  5 rime drakes
  7 komodo dragons
  21 yaktaurs
  9 freezing wraiths
  11 polar bears
  11 trolls
  4 meliai
  A jumping spider (Vaults:1)
  A meliai (shapeshifter) (Vaults:1)
  4 wind drakes
  20 merfolk
  2 hornets (Lair:6)
  Prince Ribbit (D:9)
  8 blink frogs
  19 hippogriffs
  15 dream sheep
  2 snapping turtles
  25 slime creatures
  A tarantella (shapeshifter) (Vaults:1)
  5 redbacks
  A spriggan (D:8)
  A tarantella (Vaults:3)
  9 water elementals
  7 wyverns
  14 wraiths
  3 basilisks
  37 yaks
  4 hungry ghosts
  10 wargs
  Menkaure (D:5)
  4 vampire mosquitoes
  40 nagas
  An acid dragon (Vaults:1)
  15 water moccasins
  9 porcupines
  3 black bears
  2 hell hounds (Orc:2)
  50 orc warriors
  3 ice beasts
  4 phantoms
  6 sky beasts
  2 necrophages
  2 eyes of draining
  6 wolves (Lair:1)
  5 boggarts (Vaults:1)
  37 ogres
  17 centaurs
  16 crocodiles
  A gnoll sergeant (D:10)
  2 big kobolds
  23 bullfrogs
  A glowing shapeshifter simulacrum (Vaults:2)
  4 elf skeletons (D:7)
  4 wyvern skeletons
  5 scorpions
  3 human simulacra (Vaults:1)
  35 killer bees
  17 wights
  4 electric eels
  8 howler monkeys
  7 crimson imps
  3 bullfrog zombies
  2 quasits
  6 hounds
  3 human zombies
  39 orc priests
  11 jellies
  46 orc wizards
  4 bullfrog skeletons
  7 centaur skeletons
  2 iguanas
  3 human skeletons
  5 hell rats
  13 worker ants
  A hound zombie (D:8)
  A hound skeleton (D:5)
  A howler monkey skeleton (D:4)
  4 gnolls (D:10)
  20 adders
  7 river rats
  4 shadow imps
  An ooze (D:2)
  2 adder skeletons
  3 worms
  4 dart slugs
  8 leopard geckos
  125 orcs
  2 giant cockroaches
  8 hobgoblins
  12 jackals
  10 kobolds
  4 quokkas
  3 ball pythons
  A ball python skeleton (D:5)
  8 bats
  4 frilled lizards
  5 goblins
  A jackal zombie (D:8)
  3 orc skeletons (D:7)
  An orc zombie (D:7)
  10 rats
  4 crawling corpses (Vaults:1)
  6 plants
1477 creatures vanquished.

Vanquished Creatures (collateral kills)
  A vault warden (Vaults:1)
  An ironheart preserver (Vaults:2)
  A deep elf annihilator (Vaults:2)
  A merfolk javelineer (Shoals:2)
  2 merfolk impalers (Shoals:2)
  An alligator snapping turtle (Shoals:3)
  A merfolk avatar (Lair:6)
  4 naga warriors
  A death knight (D:15)
  Erica (D:13)
  A two-headed ogre (D:12)
  A merfolk aquamancer (Shoals:3)
  2 naga sharpshooters
  3 shock serpents
  A salamander mystic (Snake:3)
  A necromancer (Vaults:1)
  3 orc knights
  5 harpies
  A mana viper (Snake:1)
  An ugly thing (D:11)
  A cyclops (Vaults:2)
  A wolf spider (Vaults:3)
  A mana viper (shapeshifter) (Vaults:1)
  4 fauns
  A salamander (Snake:3)
  A deep elf mage (Vaults:2)
  3 elephants (Lair:5)
  A salamander (shapeshifter) (Vaults:1)
  A guardian serpent (Snake:2)
  4 naga magi
  2 black mambas
  3 spiny frogs (Lair:6)
  2 yaktaurs (Vaults:1)
  2 komodo dragons (Lair:6)
  4 merfolk
  2 trolls
  2 blink frogs (Lair:4)
  2 hippogriffs
  A snapping turtle (Shoals:1)
  2 dream sheep (Lair:6)
  A slime creature (D:13)
  A wyvern (Lair:6)
  2 water elementals (Shoals:3)
  A shadow (D:15)
  A wraith (D:14)
  A yak (D:12)
  A basilisk (Lair:6)
  A vampire mosquito (D:15)
  A hungry ghost (D:12)
  A warg (Orc:1)
  6 nagas
  5 water moccasins
  8 orc warriors
  A black bear (D:11)
  3 crocodiles
  2 crimson imps (D:13)
  3 orc priests
  5 orc wizards
  An adder (Snake:1)
  A river rat (Lair:4)
  13 orcs
  A rat (Lair:4)
  A fungus (Lair:6)
  6 plants
140 creatures vanquished.

Vanquished Creatures (others)
  A stone giant (Vaults:3)
  A merfolk javelineer (Shoals:2)
  A centaur warrior (D:14)
  A merfolk aquamancer (Shoals:2)
  A naga sharpshooter (Snake:2)
  An orc knight (Vaults:1)
  A faun (Shoals:2)
  4 yaktaurs
  A sky beast (D:7)
  2 hounds
  2 orc wizards
  2 adders
  An adder skeleton (D:6)
  3 orcs (D:7)
  24 fungi
  33 plants
79 creatures vanquished.

Grand Total: 1696 creatures vanquished

Notes
Turn   | Place    | Note
-------+----------+-------------------------------------------
     0 | D:1      | RKaid the Deep Elf Conjurer began the quest for the Orb.
     0 | D:1      | Reached XP level 1. HP: 10/10 MP: 6/6
   174 | D:1      | Reached XP level 2. HP: 15/15 MP: 1/8
   520 | D:1      | Reached skill level 5 in Conjurations
   639 | D:1      | Reached XP level 3. HP: 19/19 MP: 5/10
   755 | D:1      | Reached skill level 4 in Spellcasting
   762 | D:1      | Learned a level 2 spell: Searing Ray
   766 | D:1      | Learned a level 3 spell: Dazzling Spray
  1846 | D:3      | Reached XP level 4. HP: 24/24 MP: 7/12
  1872 | D:3      | Learned a level 4 spell: Iskenderun's Mystic Blast
  1996 | D:3      | Learned a level 1 spell: Animate Skeleton
  1998 | D:3      | Learned a level 1 spell: Apportation
  2383 | D:4      | Found Daucsacs's Magic Scroll Emporium.
  2390 | D:4      | Reached skill level 5 in Spellcasting
  2390 | D:4      | Reached skill level 6 in Conjurations
  2419 | D:3      | Reached XP level 5. HP: 22/28 MP: 1/14
  2571 | D:4      | Bought a scroll of teleportation for 42 gold pieces
  2571 | D:4      | Bought a scroll of identify for 28 gold pieces
  3084 | D:4      | Noticed a phantom
  3105 | D:4      | Killed a phantom
  3105 | D:4      | Reached skill level 7 in Conjurations
  3105 | D:4      | Reached XP level 6. HP: 32/32 MP: 3/16
  3119 | D:4      | Learned a level 4 spell: Force Lance
  3199 | D:4      | Reached skill level 6 in Spellcasting
  3931 | D:5      | Entered Level 5 of the Dungeon
  3979 | D:5      | Reached skill level 3 in Dodging
  3979 | D:5      | Reached skill level 1 in Translocations
  3979 | D:5      | Reached XP level 7. HP: 36/36 MP: 9/18
  4256 | D:5      | Reached skill level 8 in Conjurations
  4256 | D:5      | Reached skill level 2 in Translocations
  4289 | D:5      | Found a stormy altar of Qazlal.
  4416 | D:5      | Found Qaah's Jewellery Emporium.
  4512 | D:5      | Found a glowing drain.
  4523 | D:5      | Reached skill level 4 in Dodging
  4531 | D:5      | Noticed Menkaure
  4870 | D:5      | Found Fodwiugo's Gadget Shoppe.
  4935 | D:5      | Reached skill level 3 in Translocations
  5070 | D:5      | Killed Menkaure
  5070 | D:5      | Reached XP level 8. HP: 37/42 MP: 3/19
  5076 | D:5      | Got a translucent mace
  5079 | D:5      | Got an ivory mace
  5081 | D:5      | Found a runed door.
  5167 | D:5      | Identified the +4 mace of Offence {antimagic, rC+} (You found it on level 5 of the Dungeon)
  5170 | D:5      | Identified the +8 mace "Qeorhe Suts" {protect, rElec rF++ Dex+6} (You found it on level 5 of the Dungeon)
  5410 | D:5      | Reached skill level 1 in Fighting
  5410 | D:5      | Reached skill level 9 in Conjurations
  5766 | D:5      | Reached skill level 5 in Dodging
  5968 | D:6      | Reached skill level 1 in Necromancy
  6203 | D:6      | Noticed Pikel
  6217 | D:6      | Killed Pikel
  6217 | D:6      | Reached skill level 2 in Fighting
  6217 | D:6      | Reached skill level 6 in Dodging
  6217 | D:6      | Reached skill level 10 in Conjurations
  6688 | D:7      | Reached XP level 9. HP: 49/49 MP: 16/20
  6731 | D:7      | You fall through a shaft!
  6792 | D:8      | Reached skill level 3 in Fighting
  6802 | D:8      | Found a sacrificial altar of Ru.
  6995 | D:8      | Reached skill level 7 in Dodging
  6995 | D:8      | Reached skill level 11 in Conjurations
  7026 | D:8      | Found a shimmering altar of Xom.
  7788 | D:7      | Reached skill level 4 in Fighting
  7992 | D:7      | Reached skill level 7 in Spellcasting
  7998 | D:7      | Reached skill level 8 in Dodging
  8358 | D:7      | Reached XP level 10. HP: 58/58 MP: 6/23
  8599 | D:7      | Found a staircase to the Ecumenical Temple.
  8635 | Temple   | Entered the Ecumenical Temple
  8787 | Temple   | Became a worshipper of Vehumet
  9150 | D:7      | Reached skill level 8 in Spellcasting
  9649 | D:8      | Reached skill level 5 in Fighting
  9853 | D:8      | Found an opulent altar of Gozag.
  9854 | D:8      | Found a basalt altar of Yredelemnul.
  9952 | D:8      | Reached * piety under Vehumet
  9952 | D:8      | Offered knowledge of Freeze by Vehumet.
 10013 | D:8      | Reached skill level 9 in Dodging
 10031 | D:8      | Got an ancient brass ring
 10463 | D:8      | HP: 11/59 [orc warrior/uncursed battleaxe (14)]
 10464 | D:8      | Reached skill level 9 in Spellcasting
 10894 | D:9      | Got a faintly glowing pewter ring
 11112 | D:4      | Bought a scroll of identify for 28 gold pieces
 11112 | D:4      | Bought a scroll of identify for 28 gold pieces
 11113 | D:4      | Identified the ring "Roumaffo" {Dex+3 Stlth+} (You found it on level 8 of the Dungeon)
 11117 | D:4      | Identified the ring "Xypnah" {rF+ rC+ Int+3} (You found it on level 9 of the Dungeon)
 11721 | D:9      | Offered knowledge of Throw Flame by Vehumet.
 11732 | D:8      | Reached ** piety under Vehumet
 11732 | D:8      | Reached skill level 6 in Fighting
 11846 | D:8      | Learned a level 2 spell: Throw Flame
 12079 | D:9      | Reached skill level 10 in Dodging
 12346 | D:9      | Noticed Prince Ribbit
 12348 | D:9      | Killed Prince Ribbit
 12348 | D:9      | Reached skill level 3 in Stealth
 12348 | D:9      | Reached skill level 10 in Spellcasting
 12483 | D:10     | Entered Level 10 of the Dungeon
 12545 | D:10     | Found a shadowy altar of Dithmenos.
 12638 | D:10     | Reached skill level 1 in Fire Magic
 12871 | D:10     | Found a staircase to the Lair.
 12918 | D:10     | Reached skill level 4 in Stealth
 12918 | D:10     | Reached XP level 11. HP: 66/66 MP: 24/27
 12928 | D:10     | Reached skill level 2 in Fire Magic
 13168 | D:10     | Noticed a red ugly thing
 13179 | D:10     | Killed a red ugly thing
 13306 | D:10     | Offered knowledge of Ignite Poison by Vehumet.
 13320 | D:10     | Found a staircase to the Orcish Mines.
 13367 | D:10     | Reached skill level 5 in Stealth
 13446 | D:10     | Reached skill level 3 in Fire Magic
 13526 | D:10     | Reached *** piety under Vehumet
 13719 | D:10     | Found a roughly hewn altar of Beogh.
 13947 | D:10     | Noticed a two-headed ogre
 13955 | D:10     | Killed a two-headed ogre
 13955 | D:10     | Reached skill level 7 in Fighting
 13955 | D:10     | Reached skill level 6 in Stealth
 14021 | D:10     | Reached skill level 4 in Fire Magic
 14174 | D:10     | Learned a level 2 spell: Blink
 14500 | Lair:1   | Entered Level 1 of the Lair of Beasts
 14972 | Lair:1   | Offered knowledge of Airstrike by Vehumet.
 14972 | Lair:1   | Reached skill level 7 in Stealth
 15235 | Lair:1   | Noticed Nergalle
 15799 | D:10     | Learned a level 3 spell: Mephitic Cloud
 16013 | Lair:1   | Killed Nergalle
 16013 | Lair:1   | Reached skill level 11 in Dodging
 16013 | Lair:1   | Reached skill level 8 in Stealth
 16525 | Lair:2   | Reached skill level 8 in Fighting
 16559 | Lair:2   | Reached XP level 12. HP: 28/73 MP: 3/28
 16928 | Lair:2   | Reached skill level 9 in Stealth
 16964 | Lair:2   | HP: 13/74 [blink frog (17)]
 17408 | Lair:2   | Reached **** piety under Vehumet
 18307 | Lair:3   | Found a staircase to the Shoals.
 18696 | Lair:3   | Reached skill level 10 in Stealth
 18989 | Lair:3   | Reached skill level 12 in Dodging
 19298 | D:10     | Learned a level 3 spell: Regeneration
 19364 | D:11     | Offered knowledge of Sticky Flame by Vehumet.
 19480 | D:11     | Learned a level 4 spell: Sticky Flame
 19614 | Lair:3   | Reached skill level 1 in Shields
 19639 | Lair:3   | Reached skill level 9 in Fighting
 19772 | Lair:3   | Reached skill level 2 in Shields
 20244 | Lair:3   | Reached skill level 3 in Shields
 20793 | Lair:4   | Reached skill level 11 in Stealth
 21242 | Lair:4   | Found a staircase to the Snake Pit.
 21368 | Lair:4   | Noticed a seven-headed hydra
 21387 | Lair:4   | Reached skill level 4 in Shields
 21491 | Lair:4   | Killed a seven-headed hydra
 21881 | Lair:4   | Noticed an eight-headed hydra
 21897 | Lair:4   | Killed an eight-headed hydra
 21992 | Lair:4   | Reached XP level 13. HP: 82/82 MP: 29/29
 22466 | Lair:5   | Reached skill level 10 in Fighting
 22677 | Lair:5   | Reached ***** piety under Vehumet
 23006 | Lair:5   | Offered knowledge of Olgreb's Toxic Radiance by Vehumet.
 23129 | Lair:5   | Learned a level 4 spell: Olgreb's Toxic Radiance
 23198 | Lair:5   | Reached skill level 1 in Poison Magic
 23477 | Lair:5   | Reached skill level 2 in Poison Magic
 23708 | Lair:5   | Reached skill level 3 in Poison Magic
 24491 | Lair:6   | Entered Level 6 of the Lair of Beasts
 24547 | Lair:6   | Found a viscous altar of Jiyva.
 24547 | Lair:6   | Found a staircase to the Slime Pits.
 24552 | Lair:5   | Reached skill level 4 in Poison Magic
 24553 | Lair:5   | Reached skill level 11 in Fighting
 24877 | Lair:6   | Noticed a dire elephant
 25889 | Lair:6   | Reached skill level 11 in Spellcasting
 26086 | Lair:6   | Reached skill level 1 in Charms
 26168 | Lair:6   | Reached skill level 2 in Charms
 26313 | Lair:6   | Reached skill level 2 in Necromancy
 27028 | D:4      | Bought a scroll of blinking for 105 gold pieces
 27028 | D:4      | Bought a scroll of fear for 49 gold pieces
 27459 | D:11     | Reached skill level 3 in Charms
 27459 | D:11     | Reached skill level 3 in Necromancy
 27574 | D:11     | Offered knowledge of Spellforged Servitor by Vehumet.
 27576 | D:11     | RKaid: ??spellforged servitor
 27576 | D:11     | beem: spellforged servitor[1/4]: Level 7 Summoning/Conjurations spell which summons a golem-like monster which knows a deterministic subset of your own spells. Tends to have around 3 bolt spells and 2 AoE/support spells, and won't pick some things like Shatter that could hurt you.
 27576 | D:11     | RKaid: ??spellforged servitor[2
 27576 | D:11     | beem: spellforged servitor[2/4]: Eligible spells: {lcs}, {iood}, iron shot, bolt of fire/cold/magma/draining/lightning/venom, poison arrow, throw icicle, stone arrow, {imb}, {cbl}, fireball, airstrike, {lrd}, freezing/poisonous cloud, force lance, dazzling spray, mephitic cloud, sticky flame, throw flame/frost, freeze, flame tongue, sting, sandblast, magic dart.
 27902 | D:11     | Reached skill level 13 in Dodging
 27902 | D:11     | Reached XP level 14. HP: 90/90 MP: 31/31
 27933 | D:11     | Reached skill level 4 in Necromancy
 28827 | D:12     | Reached skill level 4 in Charms
 29013 | D:12     | RKaid: !ac 8
 29013 | D:12     | beem: 2.75 armour skill per 1 AC for 8 base AC
 29286 | D:12     | Reached skill level 1 in Armour
 30204 | D:13     | Reached skill level 2 in Armour
 30454 | D:13     | Noticed Harold
 30454 | D:13     | Noticed Louise
 30456 | D:13     | Noticed Erica
 30456 | D:13     | Noticed Urug
 30476 | D:12     | Cast into level 2 of the Abyss (Louise)
 30476 | Abyss:2  | Found a corrupted altar of Lugonu.
 30510 | D:12     | Escaped the Abyss
 30529 | D:12     | Killed Louise
 31007 | Lair:5   | Reached skill level 12 in Spellcasting
 31126 | Lair:6   | Reached skill level 12 in Fighting
 31151 | Lair:6   | Reached skill level 3 in Armour
 31374 | Lair:6   | Reached skill level 4 in Armour
 31667 | Lair:6   | Reached skill level 5 in Armour
 32459 | D:11     | Reached skill level 5 in Fire Magic
 32801 | D:13     | Killed Harold
 32808 | D:13     | Killed Urug
 32911 | D:13     | Killed Erica
 32911 | D:13     | Reached skill level 6 in Fire Magic
 33435 | D:13     | Reached skill level 12 in Conjurations
 33636 | D:13     | Reached XP level 15. HP: 86/96 MP: 7/33
 33644 | D:13     | Reached skill level 7 in Fire Magic
 33980 | D:13     | Offered knowledge of Ozocubu's Refrigeration by Vehumet.
 34424 | D:13     | Identified the Guide on Supportive Combat Magic
 34433 | D:13     | Learned a level 6 spell: Bolt of Fire
 34495 | D:14     | Noticed dricus's ghost (journeyman GrGl)
 34794 | D:14     | HP: 23/96 [orc knight/long sword (15)]
 35806 | D:14     | Learned a level 1 spell: Summon Butterflies
 35824 | D:14     | Found a gate to the Vaults.
 37349 | D:14     | Offered knowledge of Bolt of Magma by Vehumet.
 37411 | D:15     | Entered Level 15 of the Dungeon
 37496 | D:15     | Found an opulent altar of Gozag.
 37523 | D:15     | Reached skill level 8 in Fire Magic
 37843 | D:15     | Reached skill level 1 in Maces & Flails
 37843 | D:15     | Reached skill level 14 in Dodging
 38559 | D:15     | Reached skill level 13 in Spellcasting
 38653 | D:15     | Found a staircase to the Depths.
 38746 | D:15     | Reached skill level 2 in Maces & Flails
 39434 | Orc:1    | Entered Level 1 of the Orcish Mines
 39868 | Orc:1    | Offered knowledge of Iron Shot by Vehumet.
 40437 | Orc:2    | Entered Level 2 of the Orcish Mines
 40437 | Orc:2    | Noticed Chiseanne's ghost (journeyman DsWn)
 40548 | Orc:2    | Found a dark tunnel.
 40599 | Volcano  | Entered a volcano
 40859 | Orc:2    | Found a staircase to the Elven Halls.
 40943 | Orc:2    | Found a roughly hewn altar of Beogh.
 41116 | Orc:2    | Reached XP level 16. HP: 103/103 MP: 35/35
 41419 | Orc:2    | Found a roughly hewn altar of Beogh.
 41468 | Orc:2    | Found a roughly hewn altar of Beogh.
 41691 | Orc:2    | Found Lahuulah's Food Emporium.
 41876 | Orc:2    | Found a roughly hewn altar of Beogh.
 41942 | Orc:2    | Found a roughly hewn altar of Beogh.
 41956 | Orc:2    | Found Woimipp's Antique Weapon Shop.
 42058 | Orc:2    | Found a roughly hewn altar of Beogh.
 42212 | Orc:2    | HP: 9/103 [Chiseanne's ghost (33)]
 43069 | Orc:2    | Found a roughly hewn altar of Beogh.
 43075 | Orc:2    | Offered knowledge of Orb of Destruction by Vehumet.
 43096 | Orc:2    | Found Urieddir's Armour Emporium.
 43119 | Orc:2    | Bought the +0 helmet of the True Pharaoh {rF+ rC+} for 280 gold pieces
 43263 | Orc:2    | Reached skill level 3 in Maces & Flails
 43646 | Orc:2    | Paralysed by an orc sorcerer for 3 turns
 43653 | Orc:2    | Reached skill level 13 in Fighting
 43654 | Orc:2    | Found Yrierph's Antique Weapon Emporium.
 43679 | Orc:2    | Found a roughly hewn altar of Beogh.
 43682 | Orc:2    | Found Nesch's Antique Armour Shoppe.
 43817 | Orc:2    | Bought a glowing lajatang for 612 gold pieces
 43978 | Orc:2    | Bought a dazzling falchion for 272 gold pieces
 44037 | Orc:2    | Bought a transparent quarterstaff for 234 gold pieces
 44037 | Orc:2    | Bought a dazzling broad axe for 234 gold pieces
 44296 | Snake:1  | Entered Level 1 of the Snake Pit
 44484 | D:10     | Learned a level 7 spell: Orb of Destruction
 44589 | Snake:1  | Noticed Aizul
 44731 | Snake:1  | HP: 26/104 [poisoned by Aizul (poison arrow)]
 44740 | Snake:1  | Killed Aizul
 45138 | Snake:1  | Reached skill level 15 in Dodging
 45157 | Snake:1  | Reached skill level 14 in Spellcasting
 45574 | Snake:1  | Reached skill level 13 in Conjurations
 46499 | Snake:2  | Offered knowledge of Freezing Cloud by Vehumet.
 46744 | Snake:2  | Identified the +8 quarterstaff of the Scorpion {venom, MR+} (You bought it in a shop on level 2 of the Orcish Mines)
 47533 | Snake:2  | Reached skill level 14 in Conjurations
 47807 | Snake:3  | Reached skill level 1 in Staves
 47826 | Snake:3  | Reached skill level 15 in Spellcasting
 47837 | Snake:3  | Reached skill level 2 in Staves
 48319 | Snake:3  | Reached skill level 3 in Staves
 48464 | Snake:3  | Noticed Agnes
 48476 | Snake:3  | Killed Agnes
 48860 | Snake:3  | Reached skill level 4 in Staves
 49449 | Snake:2  | HP: 25/104 [poisoned by a naga warrior (splash of poison)]
 49454 | Snake:2  | HP: 24/104 [poisoned by a naga warrior (splash of poison)]
 49459 | Snake:2  | HP: 24/104 [poisoned by a naga warrior (splash of poison)]
 49465 | Snake:2  | HP: 25/104 [poisoned by a naga warrior (splash of poison)]
 49772 | Snake:4  | Entered Level 4 of the Snake Pit
 49884 | Snake:4  | Found Coskoar's Antique Armour Boutique.
 49939 | Snake:4  | Found Tudeesk's Distillery.
 49940 | Snake:4  | Found Akaru's Assorted Antiques.
 49940 | Snake:4  | Found Fowuawi's Weapon Boutique.
 49963 | Snake:4  | Identified the +9 falchion "Geedghigh" {venom, MR+ Str+4} (You bought it in a shop on level 2 of the Orcish Mines)
 49971 | Snake:4  | Bought a scroll of identify for 54 gold pieces
 49971 | Snake:4  | Identified the +5 broad axe "Muacke" {chop, rC++ Str+7 Int-4} (You bought it in a shop on level 2 of the Orcish Mines)
 49988 | Snake:4  | Bought a pair of runed gloves for 210 gold pieces
 49988 | Snake:4  | Bought a chain mail for 126 gold pieces
 49991 | Snake:4  | Bought an embroidered cloak for 210 gold pieces
 50078 | Snake:4  | Found Peekuabe's Antique Weapon Shop.
 50087 | Snake:4  | Reached XP level 17. HP: 91/108 MP: 34/38
 50098 | Snake:4  | Reached skill level 5 in Staves
 50197 | Snake:2  | Reached skill level 16 in Spellcasting
 50351 | Shoals:1 | Entered Level 1 of the Shoals
 50961 | Shoals:1 | Reached skill level 6 in Staves
 51038 | Shoals:1 | Reached ****** piety under Vehumet
 51526 | Shoals:1 | Learned a level 5 spell: Fireball
 51648 | Shoals:2 | Noticed Donald
 51666 | Shoals:2 | Killed Donald
 51698 | Shoals:2 | Got a heavily runed shield {Donald}
 51860 | Shoals:2 | Offered knowledge of Lehudib's Crystal Spear by Vehumet.
 51860 | Shoals:2 | Offered knowledge of Fire Storm by Vehumet.
 51860 | Shoals:2 | Offered knowledge of Tornado by Vehumet.
 51861 | Shoals:2 | Reached skill level 9 in Fire Magic
 52258 | Shoals:2 | Reached skill level 17 in Spellcasting
 52689 | Shoals:2 | Reached skill level 10 in Fire Magic
 53097 | Shoals:3 | HP: 26/108 [water nymph/the raging water (23)]
 53319 | Shoals:2 | Upgraded the game from 0.20.0-8-g6b59dc7 to 0.20.0-9-g8272e65
 53530 | Shoals:3 | Reached skill level 11 in Fire Magic
 54256 | Shoals:4 | Entered Level 4 of the Shoals
 54498 | Shoals:4 | Noticed a kraken
 54498 | Shoals:4 | Noticed a kraken
 54498 | Shoals:4 | Noticed a kraken
 54498 | Shoals:4 | Noticed a kraken
 54528 | Shoals:4 | RKaid: @??wind drake
 54528 | Shoals:4 | RKaid: @?? hello
 54528 | Shoals:4 | RKaid: ??wind drake
 54528 | Shoals:4 | beem: wind drake[1/1]: A drake with trample breath that airstrikes you after you've been pushed away. Has immunity to airstrike and tornado.
 54528 | Shoals:4 | RKaid: @wind drake
 54531 | Shoals:4 | Found Zuafint's Antique Weapon Boutique.
 54539 | Shoals:4 | Reached skill level 12 in Fire Magic
 54543 | Shoals:4 | HP: 22/108 [sea snake (6)]
 54544 | Shoals:4 | HP: 3/108 [merfolk javelineer/javelin (26)]
 54549 | Shoals:4 | HP: 4/108 [poisoned by a merfolk javelineer]
 54555 | Shoals:4 | HP: 22/108 [wind drake/the air (12)]
 54560 | Shoals:4 | HP: 25/108 [sea snake (4)]
 54569 | Shoals:4 | HP: 11/108 [water nymph/the raging water (20)]
 54672 | Lair:3   | Reached XP level 18. HP: 114/114 MP: 41/41
 54844 | Snake:4  | Bought a potion of haste for 170 gold pieces
 54844 | Snake:4  | Bought a potion of agility for 68 gold pieces
 54844 | Snake:4  | Bought a potion of curing for 51 gold pieces
 55178 | Snake:4  | Reached skill level 18 in Spellcasting
 56017 | Snake:4  | Reached skill level 13 in Fire Magic
 57500 | Snake:4  | Learned a level 8 spell: Ignition
 57597 | Snake:4  | Got a serpentine rune of Zot
 58696 | D:14     | Killed dricus's ghost
 58781 | Vaults:1 | Entered Level 1 of the Vaults
 58816 | Vaults:1 | Reached skill level 19 in Spellcasting
 58996 | Vaults:1 | Reached skill level 14 in Fire Magic
 59344 | Vaults:1 | Found Wiaf's Magic Scroll Boutique.
 59350 | Vaults:1 | Found Vinuriep's General Store.
 59352 | Vaults:1 | Bought a scroll of teleportation for 45 gold pieces
 59352 | Vaults:1 | Bought a scroll of teleportation for 45 gold pieces
 59692 | Vaults:1 | Bought a scroll of identify for 22 gold pieces
 59692 | Vaults:1 | Bought a potion of heal wounds for 55 gold pieces
 59693 | Vaults:1 | Identified the -5 shield of Ivoe {+Blink rPois Regen+} (You took it off Donald on level 2 of the Shoals)
 59803 | Vaults:1 | Reached skill level 16 in Dodging
 60113 | Vaults:1 | Reached XP level 19. HP: 105/119 MP: 27/44
 60980 | Vaults:1 | Reached skill level 15 in Fire Magic
 60990 | Vaults:1 | Bought a scroll of teleportation for 45 gold pieces
 60990 | Vaults:1 | Bought a scroll of teleportation for 45 gold pieces
 61049 | Vaults:1 | Reached skill level 20 in Spellcasting
 63867 | Vaults:2 | Reached skill level 14 in Fighting
 64604 | Vaults:2 | Noticed kaze's ghost (adept DsBe)
 64655 | Vaults:2 | Killed kaze's ghost
 65167 | Vaults:2 | Reached skill level 16 in Fire Magic
 65524 | Vaults:2 | Reached XP level 20. HP: 127/127 MP: 30/46
 65721 | Vaults:3 | Reached skill level 21 in Spellcasting
 65949 | Vaults:3 | Got a transparent bronze ring
 65958 | Vaults:3 | Identified the ring "Giewyah Ocid" {rPois rC+ rN+ Int+2} (You took it off an orc warrior on level 3 of the Vaults)
 66140 | Vaults:3 | Noticed Chiseanne's ghost (adept MiFi)
 66215 | Vaults:3 | Killed Chiseanne's ghost
 66665 | Vaults:3 | HP: 31/128 [eidolon/bolt of negative energy (31)]
 66666 | Vaults:3 | Killed from afar by an eidolon

Skill      XL: |  1  2  3  4  5  6  7  8  9 10 11 12 13 14 15 16 17 18 19 20 |
---------------+-------------------------------------------------------------+-----
Conjurations   | 5 6 7 8 10 11 12 14 | 14.7
Spellcasting   | 4 5 6 7 10 11 12 13 15 17 19 20 21 | 21.0
Dodging        | 3 4 6 8 10 11 12 13 14 15 16 | 16.0
Translocations | 1 3 |  3.0
Fighting       | 2 4 6 8 9 11 12 13 14 | 14.4
Necromancy     | 1 3 4 |  4.0
Stealth        | 4 8 11 | 11.0
Fire Magic     | 1 4 6 8 12 14 16 | 16.5
Shields        | 4 |  4.0
Poison Magic   | 4 |  4.0
Charms         | 3 4 |  4.0
Armour         | 5 |  5.5
Maces & Flails | 2 3 |  3.3
Staves         | 4 6 |  6.5

Action                   |  1- 3 |  4- 6 |  7- 9 | 10-12 | 13-15 | 16-18 | 19-21 || total
-------------------------+-------+-------+-------+-------+-------+-------+-------++-------
Melee: Dagger            |       |     4 |    12 |       |       |       |       ||    16
       Mace              |       |       |   134 |   363 |   936 |   565 |   181 ||  2179
       Lajatang          |       |       |       |       |       |    11 |    37 ||    48
       Eveningstar       |       |       |       |       |       |    10 |       ||    10
       Quarterstaff      |       |       |       |       |       |       |    33 ||    33
 Cast: Magic Dart        |    82 |   112 |   191 |   504 |   294 |    27 |       ||  1210
       Animate Skeleton  |       |     2 |       |     9 |   124 |   162 |    25 ||   322
       Searing Ray       |       |     1 |     5 |     4 |       |       |       ||    10
       Force Lance       |       |       |     8 |    46 |    54 |    28 |       ||   136
       Dazzling Spray    |       |       |     1 |     6 |     1 |     1 |       ||     9
       Iskenderun's Myst |       |       |    21 |   168 |   228 |    59 |       ||   476
       Throw Flame       |       |       |       |     6 |       |       |       ||     6
       Blink             |       |       |       |     7 |    14 |    14 |     9 ||    44
       Mephitic Cloud    |       |       |       |     5 |    13 |       |     1 ||    19
       Sticky Flame      |       |       |       |    32 |   238 |   133 |    26 ||   429
       Olgreb's Toxic Ra |       |       |       |       |     9 |     1 |     4 ||    14
       Bolt of Fire      |       |       |       |       |    46 |   399 |   226 ||   671
       Regeneration      |       |       |       |       |     2 |     7 |       ||     9
       Orb of Destructio |       |       |       |       |       |    11 |    14 ||    25
       Fireball          |       |       |       |       |       |    65 |    24 ||    89
       Summon Butterflie |       |       |       |       |       |     1 |       ||     1
       Ignition          |       |       |       |       |       |       |     3 ||     3
Evoke: Wand              |       |       |       |     2 |    19 |     6 |       ||    27
  Use: Scroll            |       |     7 |    16 |     8 |    18 |    28 |     5 ||    82
       Potion            |       |       |       |     1 |     3 |    22 |     2 ||    28
 Stab: Sleeping          |       |     1 |     1 |     7 |    22 |    26 |     3 ||    60
       Confused          |       |       |       |     1 |     6 |       |       ||     7
       Distracted        |       |       |       |       |     6 |    11 |     3 ||    20
       Fleeing           |       |       |       |       |     1 |       |       ||     1
  Eat: Chunk             |     3 |    15 |    21 |    47 |    47 |    19 |     7 ||   159
       Fruit             |       |       |     2 |     1 |     8 |     4 |       ||    15
       Royal jelly       |       |       |     1 |       |     6 |     6 |     1 ||    14
       Meat ration       |       |       |       |       |       |     8 |     2 ||    10
       Bread ration      |       |       |       |       |       |       |     1 ||     1
Armor: Robe              |     2 |     2 |    73 |   125 |    52 |       |       ||   254
       Troll leather arm |       |       |       |       |   276 |   212 |   151 ||   639
Dodge: Dodged            |    14 |    20 |   216 |   710 |  1373 |   960 |   387 ||  3680
Block: Buckler           |       |       |       |     4 |   551 |   345 |   111 ||  1011
       Reflection        |       |       |       |       |    21 |    62 |     9 ||    92
       Other             |       |       |       |       |       |     9 |     7 ||    16

Table legend:
 A = Turns spent in this place as a percentage of turns spent in the entire game.
 B = Non-inter-level travel turns spent in this place as a percentage of non-inter-level travel turns spent in the entire game.
 C = Inter-level travel turns spent in this place as a percentage of turns spent in this place.
 D = Turns resting spent in this place as a percentage of non-inter-level travel turns spent in this place.
 E = Turns spent auto-exploring this place as a percentage of non-inter-level travel turns spent in this place.
 F = Non-inter-level travel turns spent in this place divided by the number of levels of this place that you've seen.
                   A       B       C       D       E      F
               +-------+-------+-------+-------+-------+----------------------
         Total | 100.0 | 100.0 |   0.7 |   6.0 |   3.9 | 544.6
       Dungeon |  36.4 |  36.3 |   0.9 |   6.3 |   5.4 | 488.1
        Temple |   0.1 |   0.1 |   8.7 |   0.0 |  81.0 |  21.0
          Lair |  18.5 |  18.5 |   0.9 |   5.6 |   2.4 | 620.7
        Shoals |   9.3 |   9.4 |   0.2 |   5.7 |   1.4 | 472.2
     Snake Pit |  13.5 |  13.6 |   0.4 |   7.4 |   4.0 | 682.8
  Orcish Mines |   9.3 |   9.3 |   0.7 |   2.8 |   2.1 | 937.0
        Vaults |  11.9 |  12.0 |   0.1 |   7.0 |   4.8 | 805.3
         Abyss |   0.1 |   0.1 |   0.0 |   7.1 |   0.0 |  28.0
       Volcano |   0.7 |   0.7 |   0.0 |   0.0 |   0.0 | 147.0
               +-------+-------+-------+-------+-------+----------------------

Table legend:
 A = Kills in this place as a percentage of kills in entire the game.
 B = Kills by you in this place as a percentage of kills by you in the entire game.
 C = Kills by friends in this place as a percentage of kills by friends in the entire game.
 D = Other kills in this place as a percentage of other kills in the entire game.
 E = Experience gained in this place as a percentage of experience gained in the entire game.
 F = Experience gained in this place divided by the number of levels of this place that you have seen.
                   A       B       C       D       E      F
               +-------+-------+-------+-------+-------+----------------------
         Total | 100.0 | 100.0 | 100.0 | 100.0 | 100.0 | 13626.5
       Dungeon |  35.6 |  37.4 |  14.3 |  46.2 |  18.3 | 6159.1
          Lair |  13.8 |  13.8 |  15.0 |   0.0 |  11.9 | 9989.3
        Shoals |   9.2 |   8.6 |  15.0 |  23.1 |  14.1 | 17797.0
     Snake Pit |  12.4 |  11.5 |  22.6 |   7.7 |  21.1 | 26570.5
  Orcish Mines |  10.7 |  10.0 |  20.3 |   0.0 |   3.0 | 7548.0
        Vaults |  17.9 |  18.3 |  12.8 |  23.1 |  31.2 | 52503.0
       Volcano |   0.4 |   0.5 |   0.0 |   0.0 |   0.4 | 1785.0
               +-------+-------+-------+-------+-------+----------------------
